ElectroGuy, lawful male human Archeologist $ -------- ------- -------- |....... ------------ |`....|######-.....`| |......| |....>......# #.......# # |......| |.......#####...........|### #|.....|######-......| ---.---- |...@q.....| # #-------# # |......| ## -..-.---.--- ########################## -----.-- # # # *# # # # # # #########)########################### ### # ###[#################-.-----## # # -------.--- #-----|- |......## ########## |..........#########-....<| |.....|# #-------..|-- |.........| # |......#############-......# $ #|..........| |.........| |.....| ------- #|......%...| |.........| $ ------- #|..........| |.......`.| #-..........| |.......{.. |..........| ----------- $ ------------ $ ElectroGuy the Field Worker Experience level: 4 Strength: 14 Dexterity: 9 Constitution: 12 Intelligence: 17 Wisdom: 14 Charisma: 10 Health: 0(32) Energy: 14(14) Def: 1 Gold: 423 Moves: 2045 Dungeon seed: ZWeLlsG6dcSG8mrl Game ID: ElectroGuy_1571583689 Your Inventory: Coins $ - 423 gold pieces Weapons a - a +2 bullwhip (alternate weapon; not wielded) Armor e - an uncursed +0 leather jacket (being worn) n - an uncursed +0 fedora (being worn) r - a blessed +1 dwarvish cloak (being worn) y - a cursed -2 pair of low boots (being worn) Comestibles b - 7 uncursed food rations h - an uncursed pancake k - an uncursed fortune cookie Tools c - a +0 pick-axe (weapon in hand) d - a tinning kit (0:55) f - an uncursed sack o - an uncursed skeleton key Gems q - an uncursed touchstone Spells and supernatural/magical abilities: Name Level Category Fail Memory W - pray for help -- divine ? -- Your skills at the end: Fighting Skills Weapon Skills pick-axe [Basic] whip [Basic] Spellcasting Skills Final Attributes: You were piously aligned. You were stealthy. You were fast. You are dead. Vanquished creatures: a coyote 2 hobbits a green mold 6 geckos 8 jackals 4 goblins 3 sewer rats a grid bug 4 lichens 4 newts 34 creatures vanquished. Voluntary challenges: You were an atheist. You used a wielded weapon 45 times, starting on turn 7. You read items or engraved 2 times, starting on turn 2044. You never genocided any monsters. You never polymorphed an object. You never changed form. You used no wishes. You never split a pudding. You never wrote Elbereth's name. You violated your moral code, losing 38 points of alignment, starting on turn 1255. Dungeon overview: The Dungeons of Doom: levels 1 to 5 Level 1 a fountain a long staircase Level 2 a weapon shop Level 3 Level 4 a fountain Level 5 <- You were here a fountain History has recorded: On T:1 you entered the Dungeons of Doom to retrieve the Amulet of Yendor! On T:427 you reached level 2 of The Dungeons of Doom. On T:742 you advanced to experience level 2. On T:1033 you reached level 3 of The Dungeons of Doom. On T:1133 you advanced to experience level 3. On T:1314 you reached level 4 of The Dungeons of Doom. On T:1664 you reached level 5 of The Dungeons of Doom. On T:2031 you advanced to experience level 4. Score breakdown: Gold: 423 ( 8937 points) Experience: 4 levels ( 9649 points) Exploration: 5 levels ( 10.20%) ( 8660 points) Discoveries: 7 items ( 2.35%) ( 4597 points) Valuables value: (no points given unless you survive) Artifact value: 0 ( 0 points) Variety of kills: 10 monsters ( 2.62%) ( 4860 points) Turncount: 2045 turns ( -33 points) Survival: died (score multiplied by 80%) Total score: 29336 Latest messages: You hit the rothe. The rothe hits! The rothe bites! (2x) You detect the presence of objects. As you read the scroll, it disappears. This is an identify scroll. h - an uncursed pancake. k - an uncursed fortune cookie. o - an uncursed skeleton key. p - an uncursed scroll of enchant armor. r - a blessed +0 dwarvish cloak (being worn). y - a cursed -2 pair of low boots (being worn). As you read the scroll, it disappears. Your dwarvish cloak glows silver for a moment. The rothe hits! The rothe bites! You die... The sack is empty. The sack is empty. Final status: Goodbye ElectroGuy the Archeologist, killed by a rothe... You died in The Dungeons of Doom on dungeon level 5 with 29336 points, and 423 pieces of gold, after 2045 moves. You were level 4 with a maximum of 32 hit points when you died.